 Dungeon Crawl Stone Soup version 0.23.0-28-g6fe0f4d (webtiles) character file.

Game seed: 4786605248362748044

26232 Kairos the Cleaver (level 13, 0/68 HPs)
             Began as a Vine Stalker Fighter on Feb 25, 2019.
             Was the Champion of Okawaru.
             Shot with an arrow by Nessos (19 damage)
             ... on level 4 of the Lair of Beasts.
             The game lasted 00:47:35 (13022 turns).

Kairos the Cleaver (Vine Stalker Fighter)          Turns: 13022, Time: 00:47:36

Health: 0/68       AC: 18    Str: 17    XL:     13   Next: 24%
Magic:  0/16       EV:  8    Int: 11    God:    Okawaru [******]
Gold:   906        SH: 15    Dex: 16    Spells: 12/12 levels left

rFire    + + +     SeeInvis .   r - +7 broad axe "Jualeck" {chop, +Blink MR+ Int+3}
rCold    + . .     Gourm    .   c - +0 shield
rNeg     + + .     Faith    .   o - +2 chain mail {rF+}
rPois    +         Spirit   +   y - +0 helmet of Matusil {rElec Regen+ Str-5}
rElec    +         Reflect  +   Y - scarf {rC+ rF+}
rCorr    .         Harm     .   M - +3 pair of gauntlets of War {Slay+5}
MR       +++..                  (no boots)
Stlth    ..........             q - +3 amulet of reflection
HPRegen  1.41/turn              t - ring of Nunorph {rPois rF+ rN++ MR+ Str-5}
MPRegen  0.15/turn              z - +5 ring of strength

@: lethally poisoned (0 -> 0)
A: fangs 3, regeneration 2, magic shield, antimagic bite, no potion heal 3, rot
immunity
a: Heroism, Finesse, Renounce Religion, Evoke Blink


You were on level 4 of the Lair of Beasts.
You worshipped Okawaru.
Okawaru was exalted by your worship.
You were not hungry.

You visited 2 branches of the dungeon, and saw 13 of its levels.
You also visited: Sewer and Gauntlet.

You collected 906 gold pieces.

Inventory:

Hand Weapons
 r - the +7 broad axe "Jualeck" (weapon) {chop, +Blink MR+ Int+3}
   (Okawaru gifted it to you in a Gauntlet)

   It inflicts extra damage upon your enemies.
   It affects your intelligence (+3).
   It affects your resistance to hostile enchantments.
   It lets you blink.
 v - a +2 trident of piercing
 D - a +1 whip of freezing
Missiles
 E - 5 javelins of returning (quivered)
 H - 8 silver tomahawks
 P - 21 javelins
Armour
 c - a +0 shield (worn)
 o - a +2 chain mail of fire resistance (worn)
 y - the +0 helmet of Matusil (worn) {rElec Regen+ Str-5}
   (You found it in a Gauntlet)

   It affects your strength (-5).
   It insulates you from electricity.
   It increases your rate of regeneration.
 M - the +3 pair of gauntlets of War (worn) {Slay+5}
   (You found it on level 9 of the Dungeon)

   It affects your accuracy and damage with ranged weapons and melee attacks
   (+5).
 N - a +2 chain mail of positive energy
 U - a +0 pair of boots
 Y - a scarf of resistance (worn)
Jewellery
 g - an uncursed amulet of harm
 q - a +3 amulet of reflection (around neck)
 s - the amulet of the Salmon {RegenMP Dex+2}
   (You found it in a Gauntlet)

   [amulet of magic regeneration]

   It increases your magic regeneration.
   It affects your dexterity (+2).
 t - the ring of Nunorph (left hand) {rPois rF+ rN++ MR+ Str-5}
   (You found it on level 4 of the Lair of Beasts)

   [ring of protection from magic]

   It affects your strength (-5).
   It protects you from fire.
   It protects you from poison.
   It greatly protects you from negative energy.
   It affects your resistance to hostile enchantments.
 z - a +5 ring of strength (right hand)
 K - an uncursed ring of wizardry
 O - an uncursed ring of flight
 V - an uncursed ring of ice
Wands
 w - a wand of disintegration (13)
 A - a wand of paralysis (5)
 B - a wand of polymorph (19)
 F - a wand of iceblast (10)
 G - a wand of random effects (27)
 I - a wand of enslavement (7)
 J - a wand of acid (6)
 T - a wand of digging (4)
 X - a wand of clouds (8)
Scrolls
 a - 2 scrolls of vulnerability {unknown}
 b - 2 scrolls of amnesia
 e - 6 scrolls of remove curse
 i - 2 scrolls of immolation
 j - 3 scrolls of fear
 k - 7 scrolls of teleportation
 n - 4 scrolls of fog
 x - 3 scrolls of blinking
 S - 6 scrolls of identify
Potions
 d - 4 potions of might
 h - 2 potions of heal wounds
 l - 6 potions of curing
 m - a potion of invisibility
 p - 4 potions of lignification {unknown}
 u - 6 potions of flight {unknown}
 C - 3 potions of degeneration {unknown}
 W - a potion of mutation {unknown}
 Z - 2 potions of ambrosia {unknown}
Miscellaneous
 L - a box of beasts
 Q - a phantom mirror
 R - a phial of floods
Comestibles
 f - 32 rations


   Skills:
 + Level 7.7 Fighting
 + Level 13.2 Axes
 + Level 2.2(9.0) Polearms
 + Level 7.2 Armour
 + Level 3.1 Dodging
 + Level 2.3 Stealth
 + Level 10.1 Shields
 + Level 3.6 Invocations


You had 12 spell levels left.
You didn't know any spells.
Your spell library contained the following spells:

 Spells                   Type           Power        Failure   Level  Hunger
 Animate Skeleton         Necr           N/A          100%        1    ##.....
 Confusing Touch          Hex            #.....       100%        1    ##.....
 Pain                     Necr           #...         100%        1    ##.....
 Confuse                  Hex            #.......     100%        3    ####...
 Gell's Gravitas          Tloc           #.........   100%        3    ####...
 Regeneration             Chrm/Necr      #.........   100%        3    ####...
 Vampiric Draining        Necr           #.........   100%        3    ####...
 Animate Dead             Necr           N/A          100%        4    #####..
 Leda's Liquefaction      Hex/Erth       #.........   100%        4    #####..
 Petrify                  Tmut/Erth      #.......     100%        4    #####..
 Bolt of Magma            Conj/Fire/Erth #.........   100%        5    ######.
 Metabolic Englaciation   Hex/Ice        #.........   100%        5    ######.
 Yara's Violent Unravell  Hex/Tmut       #.........   100%        5    ######.
 Iron Shot                Conj/Erth      #.........   100%        6    #######
 Statue Form              Tmut/Erth      #........    100%        6    #######
 Shatter                  Erth           #.........   100%        9    #######


Dungeon Overview and Level Annotations

Branches:
Dungeon (9/15)             Temple (0/1) D:7            Lair (4/6) D:9
 Shoals (0/4) Lair:3
  Snake: Lair:2-4    Spider: Lair:2-4       Orc: D:9-12

Altars:
Cheibriados
Elyvilon
Fedhas
Nemelex Xobeh
Okawaru
Sif Muna
Yredelemnul

Shops:
D:9 [

Annotations:
Lair:4 Nessos


Innate Abilities, Weirdness & Mutations

You have razor-sharp teeth.
You heal very quickly.
When hurt, damage is shared between your health and your magic reserves.
Your bite disrupts and absorbs the magic of your enemies.
Potions cannot restore your health.
You are immune to rotting.


Message History

You reflect the arrow off an invisible shield around you!
The arrow hits Nessos!
The arrow burns Nessos.
Nessos looks as sick as possible!
You feel sick.
Nessos shoots an arrow.
The arrow barely misses you.
Nessos is nearby!
Throwing (i - inventory. (/) - cycle)
E - 6 javelins of returning (quivered)
Press: ? - help, Shift-Dir - straight line, f - Nessos
Aim: Nessos, wielding a +3 longbow of flaming and wearing a +0 centaur barding (moderately wounded, fast, poisoned)
You throw a javelin of returning.
The javelin of returning hits Nessos but does no damage.
Nessos is moderately wounded.
The javelin of returning fails to return to your pack!
You feel sick.
Nessos blinks!
Nessos shoots an arrow.
You reflect the arrow off an invisible shield around you!
The arrow hits Nessos!
The arrow burns Nessos.
Nessos looks as sick as possible!
Nessos shoots an arrow.
The arrow hits you.
You feel sick.
Nessos shoots an arrow.
The arrow hits you!!
* * * LOW HITPOINT WARNING * * *
The arrow burns you.
Nessos shoots an arrow.
The arrow hits you!!
You die...

#<........... #
#............ .
##............ #.
##......##...P#
#.######.c......PP.P.#
##........(...<........
#P.......(.............
#P........(............
#.....@(...............
#..ยง#.#######..........
##. ## ####.....P#.###
####.##.....#### # #.P
#...........## # P.#
#....##......#
#.###............#
#..#...>...+....## .
##.P#.......#....###. +


You could see Nessos.

Vanquished Creatures
  A dire elephant (Gauntlet)
  A minotaur (Gauntlet)
  A green death (Gauntlet)
  2 hydras
  Josephine (Lair:4)
  Urug (Lair:4)
  Pikel (D:6)
  6 elephants
  3 merfolk sirens (Lair:3)
  2 black mambas (Lair:2)
  9 spiny frogs
  An orange demon (Gauntlet)
  11 komodo dragons
  A merfolk (Lair:3)
  4 blink frogs (Lair:4)
  Grinder (D:5)
  Prince Ribbit (D:5)
  8 hippogriffs
  4 yaks
  Eustachio (D:5)
  3 wraiths (Lair:4)
  2 basilisks (Lair:2)
  6 water moccasins
  3 ice beasts
  A sky beast (D:7)
  8 porcupines
  4 orc warriors
  4 slaves (D:6)
  A necrophage (D:8)
  3 phantoms
  6 wolves (Lair:3)
  2 ogres
  7 centaurs
  Blork the orc (D:4)
  3 crocodiles
  14 bullfrogs
  3 scorpions
  5 wights (D:8)
  3 howler monkeys
  4 crimson imps
  2 quasits
  8 hounds
  2 jellies
  2 bullfrog skeletons (D:5)
  5 orc priests
  Crazy Yiuf (D:2)
  13 orc wizards
  A centaur skeleton (D:8)
  Terence (D:2)
  7 worker ants
  A killer bee zombie (D:7)
  A hound skeleton (D:9)
  4 gnolls (D:6)
  8 adders
  3 shadow imps
  4 oozes
  6 worms
  An adder skeleton (D:6)
  3 dart slugs
  17 leopard geckos
  38 orcs
  16 bats
  6 giant cockroaches
  7 goblins
  8 hobgoblins
  6 jackals
  7 quokkas
  2 ball pythons
  A ball python skeleton (D:4)
  7 frilled lizards
  13 kobolds
  A leopard gecko skeleton (D:4)
  2 quokka skeletons
  8 rats
  4 fungi
  2 plants (Gauntlet)
361 creatures vanquished.

Vanquished Creatures (others)
  A centaur (D:7)
  2 fungi (Gauntlet)
  11 plants
14 creatures vanquished.

Grand Total: 375 creatures vanquished

Notes
Turn   | Place    | Note
-------+----------+-------------------------------------------
     0 | D:1      | Kairos the Vine Stalker Fighter began the quest for the
                  | Orb.
     0 | D:1      | Reached XP level 1. HP: 11/11 MP: 2/2
    20 | D:1      | Reached XP level 2. HP: 12/16 MP: 3/3
   297 | D:1      | Reached skill level 2 in Axes
   336 | D:1      | Reached XP level 3. HP: 17/20 MP: 2/4
  1025 | D:2      | Found a faded altar of an unknown god.
  1346 | D:2      | Became a worshipper of Warmaster Okawaru
  1346 | D:2      | Reached * piety under Okawaru
  1454 | D:2      | Noticed Terence
  1479 | D:2      | Gained mutation: Your natural rate of healing is unusually
                  | fast. [Vine Stalker growth]
  1479 | D:2      | Reached XP level 4. HP: 13/24 MP: 5/5
  1489 | D:2      | Killed Terence
  1489 | D:2      | Reached skill level 1 in Invocations
  1921 | D:2      | Found a runed translucent door.
  1922 | D:2      | Noticed Crazy Yiuf
  1969 | D:2      | Reached XP level 5. HP: 27/28 MP: 6/6
  2390 | D:2      | Killed Crazy Yiuf
  2454 | D:3      | Reached skill level 3 in Axes
  2769 | D:3      | Reached XP level 6. HP: 29/32 MP: 4/7
  3273 | D:3      | Found a deep blue altar of Sif Muna.
  3356 | D:4      | Noticed Blork the orc
  3740 | D:4      | Killed Blork the orc
  3740 | D:4      | Reached skill level 4 in Axes
  3780 | D:4      | Reached XP level 7. HP: 37/37 MP: 9/9
  4230 | D:4      | Reached skill level 1 in Dodging
  4232 | D:4      | Reached ** piety under Okawaru
  4232 | D:4      | Reached skill level 5 in Axes
  4487 | D:5      | Entered Level 5 of the Dungeon
  4518 | D:5      | Noticed Grinder
  4525 | D:5      | Paralysed by Grinder for 7 turns
  4535 | D:5      | Killed Grinder
  4535 | D:5      | Gained mutation: You have razor-sharp teeth. [Vine Stalker
                  | growth]
  4535 | D:5      | Reached XP level 8. HP: 32/42 MP: 8/10
  4564 | D:5      | Found a glowing drain.
  4579 | Sewer    | Entered a sewer
  5152 | D:5      | Noticed Eustachio
  5183 | D:5      | Killed Eustachio
  5183 | D:5      | Reached skill level 6 in Axes
  5253 | D:5      | Found a sparkling altar of Nemelex Xobeh.
  5276 | D:5      | Reached *** piety under Okawaru
  5278 | D:5      | Noticed Prince Ribbit
  5297 | D:5      | Reached skill level 5 in Shields
  5409 | D:5      | Killed Prince Ribbit
  5409 | D:5      | Received a gift from Okawaru
  5492 | D:5      | Reached XP level 9. HP: 41/46 MP: 9/11
  5687 | D:6      | Reached skill level 7 in Axes
  5790 | D:6      | Noticed Pikel
  5814 | D:6      | Killed Pikel
  5814 | D:6      | Reached skill level 5 in Fighting
  5927 | D:6      | Found a white marble altar of Elyvilon.
  5989 | D:6      | Found a basalt altar of Yredelemnul.
  6079 | D:6      | Reached skill level 8 in Axes
  6084 | D:6      | Reached **** piety under Okawaru
  6154 | D:6      | Found a sparkling altar of Nemelex Xobeh.
  6278 | D:6      | Found a snail-covered altar of Cheibriados.
  6417 | D:7      | Found a blossoming altar of Fedhas.
  6492 | D:7      | Reached XP level 10. HP: 50/51 MP: 10/12
  6883 | D:7      | Found a staircase to the Ecumenical Temple.
  7504 | D:8      | Reached skill level 9 in Axes
  7711 | D:8      | Reached skill level 1 in Stealth
  7720 | D:8      | Reached skill level 5 in Armour
  8530 | D:9      | Found Houxeh's Armour Emporium.
  8593 | D:9      | Found the +3 pair of gauntlets of War {Slay+5}
  8751 | D:9      | Found a staircase to the Lair.
  8881 | Lair:1   | Entered Level 1 of the Lair of Beasts
  8912 | Lair:1   | Reached skill level 10 in Axes
  8930 | Lair:1   | Noticed a spiny frog
  8938 | Lair:1   | Killed a spiny frog
  8938 | Lair:1   | Reached XP level 11. HP: 56/56 MP: 13/13
  8953 | Lair:1   | Found a gate leading to a gauntlet.
  8963 | Gauntlet | Entered a Gauntlet
  8963 | Gauntlet | Found a transporter.
  8964 | Gauntlet | Noticed a sun demon
  8966 | Gauntlet | Found a transporter.
  8986 | Gauntlet | Found a transporter.
  8990 | Gauntlet | Found a transporter.
  9009 | Gauntlet | Found a transporter.
  9014 | Gauntlet | Noticed a five-headed hydra
  9016 | Gauntlet | Found a transporter.
  9023 | Gauntlet | Noticed a sixfirhy
  9032 | Gauntlet | Found a transporter.
  9032 | Gauntlet | Noticed a dire elephant
  9050 | Gauntlet | Found a transporter.
  9054 | Gauntlet | Found a transporter.
  9055 | Gauntlet | Noticed a green death
  9062 | Gauntlet | Found a transporter.
  9087 | Gauntlet | Found a transporter.
  9089 | Gauntlet | Found a transporter.
  9089 | Gauntlet | Noticed a sixfirhy
  9089 | Gauntlet | Noticed a sixfirhy
  9089 | Gauntlet | Noticed a sixfirhy
  9209 | Gauntlet | Got a heavily runed helmet
  9213 | Gauntlet | Killed a green death
  9275 | Gauntlet | Identified the cursed +0 helmet of Matusil {rElec Regen+
                  | Str-5} (You found it in a Gauntlet)
  9414 | Gauntlet | Reached ***** piety under Okawaru
  9429 | Gauntlet | Killed a dire elephant
  9437 | Gauntlet | Got a coiled garnet amulet
  9447 | Gauntlet | Identified the amulet of the Salmon {RegenMP Dex+2} (You
                  | found it in a Gauntlet)
  9582 | Gauntlet | Noticed a minotaur
  9599 | Gauntlet | Killed a minotaur
  9599 | Gauntlet | Received a gift from Okawaru
  9599 | Gauntlet | Reached skill level 11 in Axes
  9603 | Gauntlet | Got a scorched broad axe {god gift}
  9604 | Gauntlet | Identified the +7 broad axe "Jualeck" {chop, +Blink MR+
                  | Int+3} (Okawaru gifted it to you in a Gauntlet)
  9737 | Lair:1   | Noticed a six-headed hydra
  9746 | Lair:1   | Killed a six-headed hydra
 10501 | Lair:2   | Gained mutation: You heal very quickly. [Vine Stalker
                  | growth]
 10501 | Lair:2   | Reached XP level 12. HP: 60/62 MP: 12/15
 10590 | Lair:2   | Reached skill level 1 in Polearms
 10671 | Lair:2   | Reached ****** piety under Okawaru
 10748 | Lair:2   | Received a gift from Okawaru
 10987 | Lair:2   | Reached skill level 12 in Axes
 11513 | Lair:3   | Noticed a six-headed hydra
 11538 | Lair:3   | Killed a six-headed hydra
 11896 | Lair:3   | Found a staircase to the Shoals.
 12319 | Lair:4   | Noticed Urug
 12332 | Lair:4   | Killed Urug
 12332 | Lair:4   | Reached XP level 13. HP: 67/67 MP: 16/16
 12361 | Lair:4   | Reached skill level 10 in Shields
 12414 | Lair:4   | Received a gift from Okawaru
 12448 | Lair:4   | Reached skill level 13 in Axes
 12452 | Lair:4   | Noticed Josephine
 12463 | Lair:4   | Killed Josephine
 12905 | Lair:4   | Got a faintly glowing copper ring
 12907 | Lair:4   | Identified the ring of Nunorph {rPois rF+ rN++ MR+ Str-5}
                  | (You found it on level 4 of the Lair of Beasts)
 13017 | Lair:4   | Noticed Nessos
 13022 | Lair:4   | Shot with an arrow by Nessos

Skill      XL: |  1  2  3  4  5  6  7  8  9 10 11 12 13 |
---------------+----------------------------------------+-----
Axes           | 2 3 4 5 6 8 10 11 12 13 | 13.2
Fighting       | 3 4 5 6 7 |  7.7
Shields        | 3 4 5 6 8 9 10 | 10.1
Invocations    | 1 2 3 |  3.6
Armour         | 3 4 5 6 7 |  7.2
Dodging        | 1 2 3 |  3.1
Stealth        | 1 2 |  2.3
Polearms       | 2 |  2.2

Action                   |  1- 3 |  4- 6 |  7- 9 | 10-12 | 13-15 || total
-------------------------+-------+-------+-------+-------+-------++-------
Melee: War axe           |   116 |   159 |   380 |   275 |       ||   930
       Bite              |    34 |    51 |   118 |   155 |    15 ||   373
       Trident           |       |     2 |       |    24 |       ||    26
       Broad axe         |       |       |       |   163 |    44 ||   207
Throw: Tomahawk          |       |       |       |     2 |       ||     2
       Javelin           |       |       |       |       |     1 ||     1
Invok: Heroism           |       |     5 |     9 |    24 |     2 ||    40
  Use: Scroll            |     3 |     3 |     9 |     6 |       ||    21
       Potion            |       |     1 |       |     4 |       ||     5
 Stab: Invisible         |       |     1 |       |     2 |       ||     3
  Eat: Chunk             |     1 |     4 |     7 |     6 |     2 ||    20
       Ration            |       |     2 |       |     4 |       ||     6
Armor: Scale mail        |    51 |     3 |       |       |       ||    54
       Chain mail        |       |    83 |   205 |   145 |    10 ||   443
Dodge: Dodged            |    33 |    35 |   103 |   117 |     9 ||   297
Block: Shield            |    65 |   115 |   323 |   333 |    33 ||   869
       Reflection        |       |       |       |    19 |     2 ||    21
